 Dungeon Crawl Stone Soup version 0.30-a0-778-g2ef04afb54 (webtiles) character file.

Game seed: 8938585327238227692

259 xian the Charlatan (level 5, -8/42 HPs)
             Began as a Demonspawn Wanderer on Feb 17, 2023.
             Was an Initiate of Gozag.
             Killed by divine providence
             ... invoked by an orc priest
              (15 damage)
             ... on level 4 of the Dungeon.
             The game lasted 00:07:51 (2402 turns).

xian the Charlatan (Demonspawn Wanderer)            Turns: 2402, Time: 00:07:52

Health: -8/42      AC:  8    Str: 17    XL:     5   Next: 95%
Magic:  5/5        EV: 15    Int: 10    God:    Gozag
Gold:   161        SH:  0    Dex: 13    Spells: 4/4 levels left

rFire   + . .      SeeInvis .    a - +0 spear
rCold   x . .      Faith    .    (no shield)
rNeg    . . .      Spirit   .    m - +0 scale mail
rPois   .          Reflect  .    (no helmet)
rElec   .          Harm     .    (no cloak)
rCorr   .          Rampage  .    n - +0 pair of gloves
Will    .....                    (no boots)
Stlth   +                        (no amulet)
HPRegen 1.27/turn                f - +5 ring of evasion
MPRegen 0.09/turn                q - ring of fire

@: lethally poisoned (-8 -> -9), gold aura
A: powered by death 1, sturdy frame 1, demonic touch 1
a: Renounce Religion, Potion Petition, Call Merchant, Bribe Branch


You were on level 4 of the Dungeon.
You worshipped Gozag.
Gozag was aware of your devotion.
You visited 1 branch of the dungeon, and saw 4 of its levels.

You collected 171 gold pieces.
You paid 10 gold pieces to Gozag.

Inventory:

Hand Weapons
 a - a +0 spear (weapon)
Missiles
 e - 3 stones (quivered)
 j - 6 javelins
Armour
 m - a +0 scale mail (worn)
 n - a +0 pair of gloves (worn)
Jewellery
 f - a +5 ring of evasion (left hand)
 q - a ring of fire (right hand)
Wands
 b - a wand of mindburst (11)
Scrolls
 c - 2 scrolls of poison
 h - 2 scrolls of blinking
 k - a scroll of fear
 o - 2 scrolls of enchant armour
 s - a scroll of vulnerability
Potions
 d - 2 potions of heal wounds
 g - 4 potions of curing {unknown}
 i - a potion of invisibility {unknown}
 l - a potion of lignification {unknown}
 p - a potion of attraction {unknown}
 r - a potion of ambrosia


   Skills:
 + Level 3.9 Fighting
 + Level 2.9 Polearms
 + Level 0.3 Throwing
 + Level 3.2 Armour
 + Level 1.2 Dodging
 + Level 0.3 Stealth
 + Level 4.6 Evocations


You had 4 spell levels left.
You didn't know any spells.
Your spell library contained the following spells:

 Spells                   Type           Power      Damage    Failure   Level
 Lesser Beckoning         Tloc           0%         N/A       77%         2
 Gell's Gravitas          Tloc           0%         N/A       94%         3
 Teleport Other           Tloc           0%         N/A       94%         3


Dungeon Overview and Level Annotations

Branches:
Dungeon (4/15)             Temple (0/1) D:4

Altars:
Gozag
Okawaru
Qazlal
Uskayaw

Shops:
D:1 [


Innate Abilities, Weirdness & Mutations

You regenerate a little health from kills.
Your movements are slightly less encumbered by armour. (ER -2)
Your touch may inflict minor irresistible damage on your foes.


Message History

The scorpion stings you.
You are poisoned.
The scorpion poisons you!
You barely miss the scorpion.
The scorpion is heavily wounded.
You feel sick.
The scorpion stings you but does no damage.
You hit the scorpion but do no damage.
The scorpion is heavily wounded.
You feel sick.
The scorpion stings you but does no damage.
You hit the scorpion but do no damage. Your touch misses the scorpion.
The scorpion is heavily wounded.
You feel sick.
The scorpion stings you but does no damage.
The orc priest looks encouraged for a moment.
You barely miss the scorpion.
The scorpion is heavily wounded.
You feel sick. The scorpion completely misses you.
Unknown command.
You closely miss the scorpion.
The scorpion is heavily wounded.
You feel sick. The scorpion stings you.
* * * LOW HITPOINT WARNING * * *
You are more poisoned.
The scorpion poisons you! The scorpion stings you.
* * * LOW HITPOINT WARNING * * *
You barely miss the scorpion.
You touch the scorpion!
The scorpion is almost dead.
* * * LOW HITPOINT WARNING * * *
You feel very sick.
The scorpion stings you but does no damage.
You hit the scorpion but do no damage.
You touch the scorpion.
You kill the scorpion!
You feel sick.
You closely miss something. Your touch misses something.
You feel sick.
The orc priest mumbles some strange prayers to Beogh against you.
Beogh smites you!
You die...
Your body crumbles into a pile of gold.

#....#.........#..
###..#.§≈≈§§≈≈.#..
#.##≈..§§§§.≈#
####≈§≈..§§§≈#
#§.§._.≈§§#
#§.≈.[.§.§#
#≈..≈≈§..§#
#.≈§≈≈≈§≈§#
#......§@{#
#.#########$o# #.
....# .......
..#.... #.#.... ..
!.. oo .. $


You could see an orc priest.

Vanquished Creatures
  A scorpion (D:4)
  A jelly (D:4)
  Natasha (twice) (D:2)
  An orc wizard (D:4)
  4 adders
  A worm (D:3)
  8 ball pythons
  6 endoplasms
  2 giant cockroaches
  8 goblins
  7 hobgoblins
  4 quokkas
  2 bats
  6 kobolds
  6 rats
59 creatures vanquished.

Notes
Turn   | Place    | Note
-------+----------+-------------------------------------------
     0 | D:1      | xian the Demonspawn Wanderer began the quest for the Orb.
     0 | D:1      | xian set off with the following items: a +0 spear, a wand
                  | of mindburst (11), a +0 ring mail, a potion of heal wounds.
     0 | D:1      | Reached XP level 1. HP: 18/18 MP: 1/1
   132 | D:1      | Gained mutation: Your touch may inflict minor irresistible
                  | damage on your foes. [demonic ancestry]
   132 | D:1      | Reached XP level 2. HP: 12/24 MP: 2/2
   215 | D:1      | Found Xeiv's Armour Boutique.
   848 | D:2      | Gained mutation: Your movements are slightly less
                  | encumbered by armour. (ER -2) [demonic ancestry]
   848 | D:2      | Reached XP level 3. HP: 29/29 MP: 3/3
  1177 | D:2      | Noticed Natasha
  1183 | D:2      | Killed Natasha
  1256 | D:2      | Noticed Natasha
  1261 | D:2      | Killed Natasha
  1262 | D:2      | Reached XP level 4. HP: 37/37 MP: 4/4
  1984 | D:3      | Found an opulent altar of Gozag.
  1989 | D:3      | Became a worshipper of Gozag Ym Sagoz the Greedy
  1999 | D:3      | Found an iron altar of Okawaru.
  2088 | D:4      | Found a staircase to the Ecumenical Temple.
  2211 | D:4      | Found a stormy altar of Qazlal.
  2223 | D:4      | Gained mutation: You regenerate a little health from kills.
                  | [demonic ancestry]
  2223 | D:4      | Reached XP level 5. HP: 42/42 MP: 5/5
  2318 | D:4      | Reached skill level 1 in Dodging
  2361 | D:4      | Found a hide-covered altar of Uskayaw.
  2402 | D:4      | Killed from afar by an orc priest

Illustrated notes

Levels and vault maps discovered:
D:1:      dpeg_arrival_rooms_b, layout_basic, serial_shops, nicolae_square_shop
D:2:      layout_basic, uniq_natasha
D:3:      layout_loops_cross, amethyst_overflow_temple_binary, minivault_23
D:4:      layout_cave_pools, nicolae_qazlal_general_emergency,
          mainiacjoe_overflow_paths, minmay_temple_entry_drinking_statues

Skill      XL: |  1  2  3  4  5 |
---------------+----------------+-----
Armour         | 2 3 |  3.2
Polearms       | 2 |  2.9
Dodging        | 1 |  1.2
Fighting       | |  3.9
Throwing       | |  0.3
Stealth        | |  0.3
Evocations     | |  4.6

Action                     |  1- 3 |  4- 6 || total
---------------------------+-------+-------++-------
  Melee: Spear             |   101 |    91 ||   192
         Touch             |    11 |    20 ||    31
  Throw: Stone             |     3 |     6 ||     9
    Use: Scroll            |       |     7 ||     7
 Armour: Ring mail         |    20 |       ||    20
         Scale mail        |    10 |    29 ||    39
  Dodge: Dodged            |    68 |    49 ||   117

Table legend: (Time is in decaauts)
 A = Elapsed time spent in this place.
 B = Non-inter-level travel time spent in this place.
 C = Inter-level travel time spent in this place.
 D = Time resting spent in this place.
 E = Time spent auto-exploring this place.
 F = Levels seen in this place.
 G = Mean time per level.
                   A        B        C        D        E       F      G
               +--------+--------+--------+--------+--------+-----+--------+
         Total |   2406 |   2300 |    106 |     33 |   1620 |   4 |  601.5 |
       Dungeon |   2406 |   2300 |    106 |     33 |   1620 |   4 |  601.5 |
               +--------+--------+--------+--------+--------+-----+--------+

Top non-repeatable levels by time:
     D:3: 834 daAuts
     D:2: 718 daAuts
     D:1: 617 daAuts
     D:4: 236 daAuts
